 Dungeon Crawl Stone Soup version 0.18-a0-455-gc7d4c65 (webtiles) character file.

184176 M4edhros the Unseen (level 18, -14/108 HPs)
             Began as an Octopode Artificer on Dec 1, 2015.
             Was an Elder of Fedhas.
             Demolished by a deep elf blademaster
             ... wielding a +0 rapier
              (16 damage)
             ... on level 3 of the Elven Halls.
             The game lasted 01:55:44 (35618 turns).

M4edhros the Unseen (Octopode Artificer)           Turns: 35618, Time: 01:55:45

Health: -14/108    AC:  4    Str: 17    XL:     18   Next: 0%
Magic:  20/31      EV: 20    Int: 31    God:    Fedhas [****..]
Gold:   2170       SH:  9    Dex: 11    Spells: 6 memorised, 15 levels left

rFire  + + .     SeeInvis +     T - +0 hunting sling "Bakebruloi" {venom, Fragile rC++ MR+ Str+4}
rCold  + + +     Rnd*Rage +     Z - +2 buckler of Nobility {rF+ Int+2 Slay+2}
rNeg   + . .     SustAt   .     m - +2 hat
rPois  +         Gourm    .     H - amulet of regeneration
rElec  +         Spirit   .     z - +5 ring of slaying
rCorr  .         Dsmss    .     D - ring of positive energy
rMut   .         Stasis   .     a - ring of Odimas {EV+3 Int+5 Slay+2}
MR     +++..                    d - ring of protection from magic
Stlth  +++++++++.               r - ring of Gozag's Condemnation {rElec Str-2 Int+2 Slay+4 SInv}
                                L - ring of poison resistance
                                Y - ring of Disaster {rC+ Str+5 Int+2 Stlth+}
                                b - +2 ring of slaying

@: sluggish, about to teleport, very slow, extremely resistant to hostile
enchantments, incredibly stealthy
A: almost no armour, amphibious, 8 rings, constrict 8, beak, tentacle spike 2,
camouflage 1, berserk 1, breathe flames 1, clumsy 1, dopey 1, fire resistance 1,
shaggy fur 1, wild magic 1, gelatinous body 1
a: Evolution, Sunlight, Growth, Reproduction, Renounce Religion, Breathe Fire
}: 1/15 runes: decaying


You were on level 3 of the Elven Halls.
You worshipped Fedhas.
Fedhas was greatly pleased with you.
You were not hungry.

You visited 5 branches of the dungeon, and saw 31 of its levels.
You also visited: Sewer, Bailey and Ice Cave.

You collected 4063 gold pieces.
You spent 1893 gold pieces at shops.

Inventory:

Hand Weapons
 e - the +10 mace of Optimality {freeze, -Tele rPois Int+9 Stlth+}
   (You found it on level 1 of the Lair of Beasts)

   It has been specially enchanted to freeze those struck by it, causing extra
   injury to most foes and up to half again as much damage against particularly
   susceptible opponents.
   It can also slow down cold-blooded creatures.
   It affects your intelligence (+9).
   It protects you from poison.
   It prevents most forms of teleportation.
   It makes you more stealthy.
 s - a +1 quick blade of pain
 v - a +1 rapier of electrocution
 w - a +2 mace of protection
 A - the +1 hunting sling of Ugreyhuw {venom, Str+3}
   (You found it on level 4 of the Dungeon)

   It poisons the ammo it fires.
   It affects your strength (+3).
 M - a +0 blowgun
 T - the +0 hunting sling "Bakebruloi" (weapon) {venom, Fragile rC++ MR+ Str+4}
   (You acquired it on level 4 of the Swamp)

   It poisons the ammo it fires.
   It affects your strength (+4).
   It greatly protects you from cold.
   It affects your resistance to hostile enchantments.
   It will be destroyed if unequipped.
Missiles
 h - 20 exploding sling bullets
 i - 103 sling bullets
 j - 300 stones (quivered)
 N - 4 curare-tipped needles
Armour
 m - a +2 hat (worn)
 Z - the +2 buckler of Nobility (worn) {rF+ Int+2 Slay+2}
   (You acquired it on level 3 of the Lair of Beasts)

   It affects your intelligence (+2).
   It affects your accuracy and damage with ranged weapons and melee attacks
   (+2).
   It protects you from fire.
Jewellery
 a - the ring of Odimas (on tentacle) {EV+3 Int+5 Slay+2}
   (You bought it in a shop on level 3 of the Orcish Mines)

   [ring of evasion]

   It affects your evasion (+3).
   It affects your intelligence (+5).
   It affects your accuracy and damage with ranged weapons and melee attacks
   (+2).
 b - a +2 ring of slaying (on tentacle)
 d - a ring of protection from magic (on tentacle)
 r - the ring of Gozag's Condemnation (on tentacle) {rElec Str-2 Int+2 Slay+4 SInv}
   (You bought it in a shop on level 3 of the Orcish Mines)

   [ring of intelligence]

   It affects your strength (-2).
   It affects your intelligence (+2).
   It affects your accuracy and damage with ranged weapons and melee attacks
   (+4).
   It insulates you from electricity.
   It lets you see invisible.
 z - a +5 ring of slaying (left tentacle)
 D - a ring of positive energy (right tentacle)
 H - an amulet of regeneration (around mantle)
 L - a ring of poison resistance (on tentacle)
 P - an uncursed ring of stealth {unknown}
 Y - the ring of Disaster (on tentacle) {rC+ Str+5 Int+2 Stlth+}
   (You found it on level 4 of the Swamp)

   [ring of stealth]

   It affects your strength (+5).
   It affects your intelligence (+2).
   It protects you from cold.
   It makes you more stealthy.
Wands
 c - a wand of enslavement (12)
 g - a wand of paralysis (9)
 o - a wand of cold (11)
 p - a wand of fireball (10)
 u - a wand of invisibility (3)
 y - a wand of hasting (2)
 J - a wand of lightning (10)
 S - a wand of confusion (23)
Scrolls
 f - 3 scrolls of teleportation
 B - a scroll of fear
 C - 4 scrolls of summoning
 G - 3 scrolls of fog
 I - 3 scrolls of identify
Potions
 l - 7 potions of haste
 t - a potion of cancellation {unknown}
 x - 2 potions of heal wounds
 E - a potion of berserk rage {unknown}
 F - 4 potions of agility
 K - 5 potions of might
 O - 2 potions of magic
 R - 2 potions of resistance
 W - 4 potions of curing
Miscellaneous
 X - a fan of gales
Comestibles
 k - 31 fruits
 n - 7 beef jerkies
 q - 3 meat rations


   Skills:
 + Level 5.1 Fighting
 - Level 1.0 Short Blades
 + Level 12.2 Slings
 + Level 10.4 Dodging
 + Level 15.3 Stealth
 * Level 12.8 Shields
 * Level 9.7 Spellcasting
 * Level 6.4 Conjurations
 - Level 4.6 Hexes
 - Level 4.4 Charms
 - Level 4.4 Necromancy
 * Level 6.0 Air Magic
 - Level 4.6 Earth Magic
 - Level 6.0 Poison Magic
 + Level 10.9 Invocations
 + Level 11.0 Evocations


You had 15 spell levels left.
You knew the following spells:

 Your Spells              Type           Power        Failure   Level  Hunger
a - Regeneration          Chrm/Necr      ######....   5%          3    None
b - Leda's Liquefaction   Hex/Erth       ######....   13%         4    None
c - Swiftness             Chrm/Air       ######..     3%          2    None
d - Mephitic Cloud        Conj/Pois/Air  ######..     3%          3    None
e - Conjure Flame         Conj/Fire      ######..     7%          3    None
f - Poisonous Cloud       Conj/Pois/Air  ######....   56%         6    #####..


Dungeon Overview and Level Annotations

Branches:
Dungeon (12/15)            Temple (0/1) D:6            Lair (8/8) D:8
  Swamp (4/4) Lair:3        Snake (0/4) Lair:6        Slime (0/6) Lair:8
    Orc (4/4) D:11            Elf (3/3) Orc:3

Altars:
Cheibriados
Fedhas
Kikubaaqudgha
Makhleb
Nemelex Xobeh
Okawaru
Qazlal
Ru
Sif Muna
Trog
Vehumet
Xom
Zin
The Shining One
Beogh
Jiyva

Shops:
D:9 :   Orc:1 *   Orc:3 =   Orc:4 [?(*   Elf:3 !

Annotations:
D:4 M4edhros's ghost, amateur OpAr
Swamp:3 exclusion: Roxanne, Roxanne
Elf:1 exclusion: door


Innate Abilities, Weirdness & Mutations

You cannot wear most types of armour.
You are amphibious.
You can wear up to eight rings at the same time.
You can use your tentacles to constrict eight enemies at once.
Your skin changes colour to match your surroundings (Stealth).
Your rubbery body absorbs attacks (AC +1).
You have a beak for a mouth.
One of your tentacles bears a nasty spike.
You tend to lose your temper in combat.
You can breathe flames.
You are clumsy. (Dex -2)
You are dopey. (Int -2)
Your flesh is heat resistant.
You are covered in fur (AC +1).
Your spells are a little harder to cast, but a little more powerful.


Message History

The bolt of cold misses the deep elf blademaster.
The bolt of cold misses the deep elf master archer.
This wand has 11 charges left.
The deep elf blademaster is engulfed in noxious fumes.
The deep elf blademaster hits you with a rapier!
The deep elf blademaster hits you with a rapier!!
* * * LOW HITPOINT WARNING * * *
Unknown command.
Read which item? (? for menu, Esc to quit)
As you read the scroll of teleportation, it crumbles to dust.
You feel strangely unstable.
The deep elf blademaster is engulfed in noxious fumes.
The deep elf blademaster appears confused.
The deep elf blademaster misses you.
The deep elf blademaster hits you with a rapier!!
* * * LOW HITPOINT WARNING * * *
The deep elf blademaster is engulfed in noxious fumes.
The deep elf blademaster hits you with a rapier!
You die...
Fedhas appreciates your contribution to the ecosystem.

#'## #≈# #..###
###' #)# #....###
#.( ######)#####
#......# #(.
#...≈≈)≈≈(..
#....### #e.
###...≈≈)≈≈(..
#...## #e#
#....P§§)≈≈...
###'# #§#
#.#..(§§.≈≈§). #.#
#e###.######P#####
#.#
#@##........P.....
#.#
#P#...............
#.#
#)P...).....⌠.....
#.#
#.#...............
#.#
#.##..............
#.#
#.####............
#.# #.#
####.......## #'##
### #########
###..#


You could see a deep elf blademaster (confused), a deep elf master archer and a
deep elf knight.

Vanquished Creatures
  Nikola (Elf:2)
  Rupert (D:12)
  2 deep elf blademasters
  Frances (D:12)
  Kirke (Lair:6)
  3 orc warlords
  Donald (Orc:3)
  2 deep elf sorcerers (Elf:3)
  A frost giant (IceCv)
  Nessos (Lair:8)
  5 deep elf demonologists (Elf:3)
  5 deep elf annihilators (Elf:3)
  Azrael (Elf:2)
  2 deep elf death magi
  2 deep elf high priests
  Erolcha (D:12)
  4 ice dragons
  A catoblepas (Lair:8)
  An anaconda (shapeshifter) (Elf:1)
  6 hydras
  14 dancing weapons (Elf:2)
  5 alligators
  5 death yaks
  Urug (D:10)
  6 orc high priests
  20 deep elf knights
  An unseen horror (D:12)
  A hill giant (D:10)
  2 necromancers (Elf:1)
  2 swamp dragons
  2 lindwurms (Lair:8)
  5 orc knights
  8 deep elf summoners
  9 deep elf conjurers
  A griffon (Lair:8)
  5 orc sorcerers
  4 hornets
  3 black mambas
  2 manticores
  Maurice (D:9)
  3 elephants (Lair:8)
  7 torpor snails (Lair:8)
  An ice statue (IceCv)
  16 spiny frogs
  Psyche (D:8)
  7 komodo dragons
  A gargoyle (D:12)
  7 deep elf priests
  3 freezing wraiths (Swamp:4)
  2 fire drakes (Lair:8)
  2 large abominations (Elf:1)
  7 polar bears
  Grinder (D:5)
  A jumping spider (shapeshifter) (Elf:2)
  8 giant leeches
  6 two-headed ogres
  10 blink frogs
  14 slime creatures
  3 spriggans
  3 hogs (Lair:6)
  A shadow (Swamp:1)
  19 vampire mosquitoes
  14 deep elf magi
  46 yaks
  3 swamp worm simulacra (Swamp:4)
  3 fire elementals (Elf:2)
  7 wargs
  16 deep elf fighters
  2 wyverns
  10 hippogriffs
  11 basilisks
  4 insubstantial wisps (Swamp:1)
  9 water moccasins
  The ghost of M4edhros the Charlatan, an amateur OpAr (D:7)
  4 nagas (Lair:6)
  54 orc warriors
  8 swamp worms
  14 hydra simulacra (Swamp:4)
  15 wolves
  5 hell hounds (Elf:2)
  11 porcupines
  An eye of draining (D:11)
  5 sky beasts
  7 swamp drakes
  10 wasps
  4 phantoms
  9 ice beasts
  3 black bears
  11 crocodiles
  8 ogres
  19 giant frogs
  2 big kobolds (D:11)
  7 centaurs
  3 elf skeletons (Elf:1)
  A wyvern skeleton (D:9)
  2 scorpions
  14 killer bees
  5 wights (D:12)
  5 crimson imps
  5 jellies
  3 giant frog skeletons
  45 orc priests
  A quasit (D:10)
  6 hounds
  37 orc wizards
  6 iguanas
  4 centaur skeletons
  9 worker ants
  30 sheep
  14 gnolls
  8 adders
  54 river rats
  3 shadow imps
  4 swamp drake simulacra (Swamp:4)
  2 oozes (Lair:8)
  2 adder skeletons
  20 worms
  9 giant geckos
  216 orcs
  3 ball pythons
  20 goblins
  19 hobgoblins
  19 kobolds
  16 bats
  4 giant cockroaches
  A giant gecko skeleton (D:5)
  6 giant newts
  12 jackals
  3 quokkas
  A quokka skeleton (D:9)
  12 rats
  2 ballistomycetes (Bailey)
  A giant spore (Orc:4)
1212 creatures vanquished.

Vanquished Creatures (collateral kills)
  Jorgrun (Swamp:2)
  A hydra (Swamp:2)
  2 dancing weapons (Elf:2)
  3 death yaks
  A spriggan (Swamp:4)
  Sonja (D:10)
  The ghost of chonchonts the Conjurer, a novice DrCj of Vehumet (D:6)
  2 orc knights
  2 deep elf conjurers (Elf:1)
  A griffon (Lair:8)
  A manticore (Lair:8)
  A black mamba (Lair:8)
  A spiny frog (Lair:5)
  A gargoyle (D:10)
  A queen bee (D:10)
  A freezing wraith (Swamp:4)
  4 polar bears (IceCv)
  2 giant leeches (Lair:8)
  Prince Ribbit (D:9)
  3 blink frogs
  A two-headed ogre (Orc:4)
  3 slime creatures
  15 yaks
  A deep elf mage (D:11)
  3 vampire mosquitoes
  2 wolves (Lair:3)
  Menkaure (D:5)
  3 wargs
  2 hydra simulacra (Swamp:4)
  2 water moccasins
  A swamp worm (Swamp:4)
  A phantom (D:9)
  A sky beast (D:5)
  3 ice beasts
  11 orc warriors
  An ogre (Orc:1)
  A swamp drake (Swamp:4)
  2 wasps
  A big kobold (D:9)
  Blork the orc (D:5)
  2 scorpions
  3 wandering mushrooms
  7 killer bees
  A crimson imp (D:9)
  3 orc wizards
  An orc priest (Orc:4)
  2 hounds
  An iguana (Lair:5)
  3 sheep
  A gnoll (Bailey)
  A river rat (Lair:4)
  A swamp drake simulacrum (Swamp:4)
  28 orcs
  3 hobgoblins (Bailey)
  3 jackals (D:7)
  2 ballistomycetes (Elf:2)
  7 giant spores
  3 toadstools (Bailey)
159 creatures vanquished.

Vanquished Creatures (others)
  A thorn hunter (Swamp:1)
  2 oklob plants
  A shambling mangrove (Swamp:1)
  A spiny frog (Swamp:3)
  2 polar bears (IceCv)
  A deep elf mage (Elf:1)
  2 bog bodies (Swamp:2)
  A spriggan (Swamp:1)
  A deep elf fighter (Elf:1)
  A shadow (Swamp:1)
  A golden eye (shapeshifter) (Elf:2)
  55 wandering mushrooms
  A wolf (IceCv)
  3 swamp worms
  An orc warrior (Orc:4)
  A necrophage (D:12)
  A wasp (Swamp:1)
  A killer bee zombie (D:7)
  2 worker ant zombies
  10 ballistomycetes
  12 fungi
  5 giant spores
  3 hyperactive ballistomycetes
  20 plants
  1169 toadstools
1298 creatures vanquished.

Grand Total: 2669 creatures vanquished

Notes
Turn   | Place    | Note
--------------------------------------------------------------
     0 | D:1      | M4edhros the Octopode Artificer began the quest for the Orb.
     0 | D:1      | Reached XP level 1. HP: 13/13 MP: 3/3
   230 | D:1      | Reached XP level 2. HP: 15/18 MP: 4/4
   452 | D:1      | You fall through a shaft!
   531 | D:2      | Reached XP level 3. HP: 15/23 MP: 5/5
   661 | D:3      | Reached skill level 4 in Evocations
   920 | D:3      | Reached XP level 4. HP: 20/28 MP: 7/7
   924 | D:3      | Found a glowing drain.
   928 | Sewer    | Entered a sewer
   952 | Sewer    | Noticed Purgy
  1171 | D:3      | Noticed an ice beast
  1360 | D:4      | Noticed M4edhros's ghost (amateur OpAr)
  1455 | D:4      | Got a warped hunting sling
  1456 | D:4      | Identified the +1 hunting sling of Ugreyhuw {venom, Str+3} (You found it on level 4 of the Dungeon)
  1605 | D:4      | Found a blossoming altar of Fedhas.
  1621 | D:4      | Became a worshipper of Fedhas Madash
  1689 | D:3      | Killed an ice beast
  1689 | D:3      | Reached skill level 5 in Stealth
  1689 | D:3      | Reached skill level 5 in Evocations
  1689 | D:3      | Reached XP level 5. HP: 33/33 MP: 8/8
  2380 | D:2      | Found a radiant altar of Vehumet.
  2391 | D:2      | Reached skill level 6 in Stealth
  2391 | D:2      | Reached XP level 6. HP: 38/38 MP: 10/10
  2432 | D:2      | Reached * piety under Fedhas
  3202 | D:5      | Entered Level 5 of the Dungeon
  3273 | D:5      | Reached skill level 7 in Stealth
  3308 | D:5      | Found a glowing silver altar of Zin.
  3465 | D:5      | Gained mutation: Your body sometimes deteriorates upon taking damage. [mutagenic meat]
  3466 | D:5      | Gained mutation: Your spells are a little easier to cast, but a little less powerful. [mutagenic meat]
  3467 | D:5      | Gained mutation: You possess an exceptional clarity of mind. [mutagenic meat]
  3469 | D:5      | Gained mutation: You are dopey. (Int -2) [mutagenic meat]
  3470 | D:5      | Gained mutation: One of your tentacles bears a spike. [mutagenic meat]
  3486 | D:5      | Reached XP level 7. HP: 36/43 MP: 11/11
  3529 | D:5      | Noticed Menkaure
  3538 | D:5      | Killed Menkaure
  3538 | D:5      | Reached skill level 1 in Slings
  3568 | D:5      | Noticed Blork the orc
  3577 | D:5      | Killed Blork the orc
  3579 | D:5      | Reached skill level 1 in Invocations
  3803 | D:5      | Noticed Grinder
  3810 | D:5      | Killed Grinder
  3810 | D:5      | Reached XP level 8. HP: 48/48 MP: 11/13
  3947 | D:5      | Reached skill level 8 in Stealth
  3980 | D:5      | Found a snail-covered altar of Cheibriados.
  4033 | D:5      | Found a sparkling altar of Nemelex Xobeh.
  4197 | D:6      | Found a staircase to the Ecumenical Temple.
  4364 | D:6      | Noticed chonchonts's ghost (novice DrCj)
  4386 | D:6      | Killed chonchonts's ghost
  4388 | D:6      | Found a bloodstained altar of Trog.
  4492 | D:6      | Found a deep blue altar of Sif Muna.
  4495 | D:6      | Found a shimmering altar of Xom.
  4576 | D:6      | Gained mutation: Potions and wands are less effective at restoring your health. [mutagenic meat]
  4577 | D:6      | Lost mutation: Your body sometimes deteriorates upon taking damage. [mutagenic meat]
  4578 | D:6      | Gained mutation: You evolve. [mutagenic meat]
  4579 | D:6      | Gained mutation: You are covered in fur (AC +1). [mutagenic meat]
  4585 | D:6      | Found a bloodstained altar of Trog.
  4605 | D:6      | Lost mutation: Your spells are a little easier to cast, but a little less powerful. [evolution]
  4631 | D:6      | Reached XP level 9. HP: 48/53 MP: 12/14
  4757 | D:6      | Reached skill level 9 in Stealth
  4884 | D:6      | Reached ** piety under Fedhas
  4946 | D:6      | Reached skill level 5 in Slings
  5298 | D:7      | Gained mutation: You have a beak for a mouth. [mutagenic meat]
  5299 | D:7      | Gained mutation: Your spells are a little harder to cast, but a little more powerful. [mutagenic meat]
  5300 | D:7      | Lost mutation: Your spells are a little harder to cast, but a little more powerful. [mutagenic meat]
  5302 | D:7      | Gained mutation: You can breathe flames. [mutagenic meat]
  5303 | D:7      | Lost mutation: Potions and wands are less effective at restoring your health. [mutagenic meat]
  5441 | D:7      | Found a sacrificial altar of Ru.
  5453 | D:7      | Killed M4edhros's ghost
  5458 | D:7      | Found an iron altar of Okawaru.
  5463 | D:7      | Reached *** piety under Fedhas
  5626 | D:7      | You fall through a shaft for 3 floors!
  5626 | D:10     | Entered Level 10 of the Dungeon
  5666 | D:9      | Found Biul's Book Shop.
  5803 | D:8      | Found a staircase to the Lair.
  5824 | D:8      | Reached skill level 5 in Invocations
  5829 | D:8      | Reached skill level 5 in Dodging
  5829 | D:8      | Reached skill level 10 in Stealth
  5859 | D:8      | Reached XP level 10. HP: 30/58 MP: 10/16
  6148 | D:8      | Noticed Psyche
  6156 | D:8      | Killed Psyche
  6228 | D:8      | Found a flagged portal.
  6249 | Bailey   | Entered a bailey
  6328 | Bailey   | Reached **** piety under Fedhas
  6505 | Bailey   | Noticed an orc knight
  6513 | Bailey   | Noticed an orc knight
  6516 | Bailey   | Killed an orc knight
  6516 | Bailey   | Reached skill level 11 in Stealth
  6523 | Bailey   | Noticed an orc warlord
  6536 | Bailey   | Killed an orc knight
  6536 | Bailey   | Reached XP level 11. HP: 39/63 MP: 6/17
  6592 | Bailey   | Killed an orc warlord
  7360 | D:8      | Found a shimmering altar of Xom.
  7867 | D:9      | Noticed Prince Ribbit
  7873 | D:9      | Killed Prince Ribbit
  8007 | D:9      | Noticed Maurice
  8017 | D:9      | Killed Maurice
  8049 | D:9      | Learned a level 3 spell: Regeneration
  8054 | D:9      | Learned a level 4 spell: Leda's Liquefaction
  8272 | D:9      | Found a stormy altar of Qazlal.
  8280 | D:9      | Gained mutation: One of your tentacles bears a nasty spike. [evolution]
  8286 | D:9      | Found a shimmering altar of Xom.
  8304 | D:9      | Gained mutation: You tend to lose your temper in combat. [mutagenic meat]
  8398 | D:9      | Found a glowing golden altar of the Shining One.
  8483 | D:9      | Found a glowing golden altar of the Shining One.
  8528 | D:9      | Reached skill level 1 in Hexes
  8807 | D:10     | Reached ***** piety under Fedhas
  8820 | D:10     | Reached skill level 1 in Earth Magic
  8839 | D:10     | Reached skill level 1 in Necromancy
  9171 | D:10     | Noticed a hill giant
  9180 | D:10     | Killed a hill giant
  9180 | D:10     | Reached skill level 1 in Charms
  9212 | D:10     | Reached skill level 1 in Spellcasting
  9492 | D:10     | Noticed Sonja
  9501 | D:10     | Killed Sonja
  9507 | D:10     | Noticed Urug
  9537 | D:10     | Killed Urug
  9537 | D:10     | Reached skill level 12 in Stealth
  9854 | D:11     | Reached XP level 12. HP: 70/70 MP: 19/19
 10401 | D:11     | Reached skill level 10 in Slings
 10500 | D:11     | Found a staircase to the Orcish Mines.
 10588 | Orc:1    | Entered Level 1 of the Orcish Mines
 10588 | Orc:1    | Found Upru's General Store.
 10891 | Orc:1    | Bought a scroll of identify for 22 gold pieces
 10944 | Orc:1    | Lost mutation: You evolve. [end of evolution]
 11242 | Orc:1    | Found a roughly hewn altar of Beogh.
 11386 | Orc:2    | Reached skill level 10 in Evocations
 11387 | Orc:2    | Found a frozen archway.
 11738 | IceCv    | Entered an ice cave
 12432 | IceCv    | Noticed a death yak
 12432 | IceCv    | Noticed a death yak
 12432 | IceCv    | Noticed a death yak
 12450 | IceCv    | Killed a death yak
 12465 | IceCv    | Killed a death yak
 12480 | IceCv    | Killed a death yak
 12727 | IceCv    | Noticed a frost giant
 12727 | IceCv    | Noticed a death yak
 12754 | IceCv    | Killed a death yak
 12754 | IceCv    | Reached XP level 13. HP: 78/78 MP: 20/20
 12766 | IceCv    | Killed a frost giant
 13682 | Orc:3    | Found a staircase to the Elven Halls.
 13959 | Orc:3    | Found Famunwit's Jewellery Boutique.
 13967 | Orc:3    | Bought the ring of Odimas {EV+3 Int+5 Slay+2} for 703 gold pieces
 13967 | Orc:3    | Bought the ring of Gozag's Condemnation {rElec Str-2 Int+2 Slay+4 SInv} for 574 gold pieces
 14066 | Orc:3    | Found a burning altar of Makhleb.
 14184 | Orc:3    | Noticed Donald
 14189 | Orc:3    | Was placed under penance by Fedhas
 14273 | Orc:3    | Noticed an orc warlord
 14649 | D:12     | Identified the Almanac of Good Luck
 14709 | D:12     | Noticed Erolcha
 14721 | D:12     | Killed Erolcha
 14926 | D:12     | Noticed Frances
 15181 | D:12     | Was forgiven by Fedhas
 15204 | D:12     | Noticed Rupert
 15219 | D:12     | Killed Rupert
 15556 | D:12     | Learned a level 2 spell: Swiftness
 15842 | D:12     | Killed Frances
 16226 | Orc:3    | Killed Donald
 16389 | Orc:3    | Killed an orc warlord
 16389 | Orc:3    | Reached skill level 13 in Stealth
 16389 | Orc:3    | Reached skill level 1 in Shields
 16947 | Orc:3    | Bought an uncursed amulet of regeneration for 450 gold pieces
 16976 | Orc:4    | Entered Level 4 of the Orcish Mines
 17156 | Orc:4    | Reached XP level 14. HP: 85/85 MP: 21/21
 17678 | Orc:4    | Noticed an orc warlord
 17694 | Orc:4    | Killed an orc warlord
 17725 | Orc:4    | Found a roughly hewn altar of Beogh.
 17786 | Orc:4    | Reached ****** piety under Fedhas
 17807 | Orc:4    | Found Unoy's Antique Armour Emporium.
 18145 | Orc:4    | Found Kyonabel's Magic Scroll Boutique.
 18760 | Orc:4    | Found Koffa's Weapon Shop.
 18774 | Orc:4    | Bought 23 stones for 34 gold pieces
 18780 | Orc:4    | Found Lubboll's General Store.
 18790 | Orc:4    | Reached skill level 5 in Spellcasting
 18816 | Orc:4    | Found a roughly hewn altar of Beogh.
 19079 | Orc:4    | Gained mutation: Your flesh is heat resistant. [potion of beneficial mutation]
 19202 | Elf:1    | Entered Level 1 of the Elven Halls
 19250 | Elf:1    | HP: 3/85 [orc high priest/divine providence (10)]
 19548 | Lair:1   | Entered Level 1 of the Lair of Beasts
 19907 | Lair:1   | Got a shimmering mace
 19908 | Lair:1   | Identified the +10 mace of Optimality {freeze, -Tele rPois Int+9 Stlth+} (You found it on level 1 of the Lair of Beasts)
 20358 | Lair:2   | Reached skill level 5 in Shields
 20409 | Lair:2   | Reached skill level 14 in Stealth
 21027 | Lair:3   | Found a staircase to the Swamp.
 21116 | Lair:3   | Identified a scroll of acquirement
 21117 | Lair:3   | Got a faintly glowing buckler
 21128 | Lair:3   | Identified the +2 buckler of Nobility {rF+ Int+2 Slay+2} (You acquired it on level 3 of the Lair of Beasts)
 21286 | Lair:3   | Found an ancient bone altar of Kikubaaqudgha.
 21309 | Lair:3   | Lost mutation: One of your tentacles bears a nasty spike. [potion of mutation]
 21309 | Lair:3   | Gained mutation: You are clumsy. (Dex -2) [potion of mutation]
 21652 | Lair:3   | Learned a level 3 spell: Mephitic Cloud
 21670 | Lair:3   | Learned a level 3 spell: Conjure Flame
 21679 | Lair:3   | Learned a level 6 spell: Poisonous Cloud
 22132 | Lair:4   | Reached XP level 15. HP: 87/90 MP: 23/23
 23562 | Lair:6   | Noticed Kirke
 23580 | Lair:6   | Killed Kirke
 23880 | Lair:6   | Found a staircase to the Snake Pit.
 25133 | Lair:8   | Entered Level 8 of the Lair of Beasts
 25444 | Lair:8   | Reached skill level 10 in Shields
 25906 | Lair:8   | Noticed Nessos
 25914 | Lair:8   | Killed Nessos
 26004 | Lair:8   | Found a runed door.
 26644 | Lair:8   | Found a runed door.
 26644 | Lair:8   | Found a viscous altar of Jiyva.
 26644 | Lair:8   | Found a staircase to the Slime Pits.
 27036 | Swamp:1  | Entered Level 1 of the Swamp
 27036 | Swamp:1  | Noticed a thorn hunter
 27168 | Swamp:1  | Killed a thorn hunter
 27200 | Swamp:1  | Reached skill level 1 in Air Magic
 27218 | Swamp:1  | Reached skill level 1 in Poison Magic
 27218 | Swamp:1  | Reached XP level 16. HP: 63/95 MP: 28/28
 27222 | Swamp:1  | Reached skill level 1 in Conjurations
 27786 | Swamp:1  | Gained mutation: One of your tentacles bears a nasty spike. [potion of mutation]
 27786 | Swamp:1  | Gained mutation: Your spells are a little harder to cast, but a little more powerful. [potion of mutation]
 28061 | Swamp:2  | Noticed Jorgrun
 28738 | Swamp:2  | Killed Jorgrun
 29359 | Swamp:3  | Noticed Roxanne
 29388 | Swamp:3  | Lost mutation: You possess an exceptional clarity of mind. [potion of mutation]
 29615 | Swamp:3  | Reached skill level 10 in Invocations
 30004 | Swamp:4  | Entered Level 4 of the Swamp
 30069 | Swamp:4  | Got a glittering iron ring
 30071 | Swamp:4  | Identified the ring of Disaster {rC+ Str+5 Int+2 Stlth+} (You found it on level 4 of the Swamp)
 30407 | Swamp:4  | Got a jewelled hunting sling
 30408 | Swamp:4  | Identified the +0 hunting sling "Bakebruloi" {venom, Fragile rC++ MR+ Str+4} (You acquired it on level 4 of the Swamp)
 31053 | Swamp:4  | Got a decaying rune of Zot
 31788 | Elf:1    | Found a radiant altar of Vehumet.
 31850 | Elf:1    | Reached skill level 5 in Poison Magic
 31857 | Elf:1    | Found an ancient bone altar of Kikubaaqudgha.
 32965 | Elf:2    | Reached XP level 17. HP: 100/100 MP: 30/30
 33001 | Elf:2    | Reached skill level 10 in Dodging
 33094 | Elf:2    | Found a huge runed gate.
 33094 | Elf:2    | Found a huge runed gate.
 33094 | Elf:2    | Found a huge runed gate.
 33094 | Elf:2    | Found a huge runed gate.
 33096 | Elf:2    | Found a huge runed gate.
 33242 | Elf:2    | Gained mutation: You often lose your temper in combat. [mutagenic meat]
 33244 | Elf:2    | Lost mutation: You often lose your temper in combat. [mutagenic meat]
 33521 | Elf:2    | Reached skill level 5 in Conjurations
 33543 | Elf:2    | Noticed Azrael
 33630 | Elf:2    | Killed Azrael
 33718 | Elf:2    | Noticed a deep elf blademaster
 33848 | Elf:2    | Killed a deep elf blademaster
 34060 | Elf:2    | Noticed Nikola
 34207 | Elf:2    | Reached skill level 5 in Air Magic
 34362 | Elf:2    | Reached skill level 15 in Stealth
 34401 | Elf:2    | Killed Nikola
 34694 | Elf:3    | Entered Level 3 of the Elven Halls
 34694 | Elf:3    | Found Toreeplu's Distillery.
 34699 | Elf:3    | Bought a potion of heal wounds for 55 gold pieces
 34699 | Elf:3    | Bought a potion of heal wounds for 55 gold pieces
 35485 | Elf:3    | Reached skill level 5 in Fighting
 35506 | Elf:3    | Noticed a Shadow Fiend
 35525 | Elf:3    | Noticed a deep elf blademaster
 35549 | Elf:3    | Killed a deep elf blademaster
 35602 | Elf:3    | Reached XP level 18. HP: 108/108 MP: 23/31
 35618 | Elf:3    | HP: 2/108 [deep elf blademaster/rapier (27)]
 35618 | Elf:3    | Demolished by a deep elf blademaster

Vault maps used:
D:1:      dpeg_arrival_chambers_temple_mockup
D:2:      vehumet_crystals
D:3:      gup_sewer_entry_bowl
D:4:      first_bread, fedhas_altar_1
D:5:      overflow_temple_1_default, zin_academy, minmay_misc_feat_hallway,
          grunt_decor_mini_mirrors, nemelex_xobeh_ov_fountains_minmay,
          uniq_blork_the_orc, uniq_menkaure, uniq_grinder
D:6:      bloody_trog, nicolae_overflow_hidden_temple,
          minmay_temple_entry_poolview, trog_three_pillars_becter
D:7:      grunt_temple_overflow_open
D:8:      minmay_lair_entry_grove, enter_bailey_7, tgw_xom, uniq_psyche
D:9:      nicolae_overflow_crystal_walls, serial_shops, shop,
          hangedman_feature_mirror, hangedman_decor_clover_reticule,
          kennysheep_nub, tso_altar, uniq_prince_ribbit1, uniq_maurice
D:10:     david_nohive_1, uniq_sonja, uniq_urug
D:11:     erik_orc_1, item_on_display_a
D:12:     uniq_frances, uniq_rupert, uniq_erolcha
Lair:1:   dpeg_stationary_puzzle
Lair:3:   swamp_mist_pool, basic_altar, kennysheep_basilisk_garden
Lair:4:   gammafunk_lair_bear_cave
Lair:5:   st_stairs_8, beast_lair_carwin_6
Lair:6:   minmay_snake_entry_guardpost_medium, uniq_kirke
Lair:7:   bh_chokoban, minivault_11, infiniplex_staircase_pool_2,
          serial_bayou_shore_a
Lair:8:   hangedman_lair_in_review, wormcave, slime_altar_2, st_stairs_7,
          infiniplex_staircase_pool, uniq_nessos
Swamp:1:  evilmike_swamp_ruin_house_4
Swamp:2:  evilmike_swamp_ruin_house_1, uniq_jorgrun
Swamp:3:  evilmike_swamp_ruin_wall, uniq_roxanne
Swamp:4:  swamp_icy
Orc:1:    serial_shops, shop, basic_altar
Orc:2:    portal_ice_cave_entry_ice_beasts
Orc:3:    basic_altar, serial_shops, shop, nicolae_orc_pool_cavern,
          nooodl_orcs_dogs, uniq_donald
Orc:4:    pubby_orc_utopia
Elf:1:    eino_elf_arrival_the_gate, minmay_elf_necromancy,
          hangedman_feature_mirror, solitary_fountain, st_stairs_5,
          hangedman_elf_simple_split
Elf:2:    uniq_nikola, uniq_azrael
Elf:3:    elf_hall_gauntlet_narrow, serial_shops, shop, spider_trap
Sewer:    sewer_big_baddie
Bailey:   bailey_axe_minmay_hex_keep, bailey
IceCv:    ice_cave_caverns_03

Action                   |  1- 3 |  4- 6 |  7- 9 | 10-12 | 13-15 | 16-18 || total
-------------------------+-------+-------+-------+-------+-------+-------++-------
Melee: Short sword       |    64 |    28 |       |       |       |       ||    92
       Mace              |       |     2 |       |       |   224 |     7 ||   233
       Dagger            |       |       |       |     1 |    89 |       ||    90
 Fire: Hunting sling     |       |    90 |   245 |  1069 |  1423 |  1294 ||  4121
 Cast: Regeneration      |       |       |       |       |       |     4 ||     4
       Mephitic Cloud    |       |       |       |       |       |    13 ||    13
       Swiftness         |       |       |       |       |       |     1 ||     1
Invok: Evolution         |       |     1 |     4 |    18 |    32 |    20 ||    75
       Reproduction      |       |       |       |     1 |     6 |     4 ||    11
       Rain              |       |       |       |       |       |     8 ||     8
       Growth            |       |       |       |       |       |     1 ||     1
       Sunlight          |       |       |       |       |       |     1 ||     1
Evoke: Wand              |     3 |     9 |     1 |     3 |     5 |     7 ||    28
  Use: Potion            |       |     3 |     2 |     8 |     4 |     4 ||    21
       Scroll            |       |       |     8 |     7 |    18 |    12 ||    45
 Stab: Sleeping          |    17 |     3 |       |     1 |    47 |       ||    68
       Distracted        |       |       |       |       |     1 |       ||     1
       Confused          |       |       |       |       |     1 |       ||     1
  Eat: Bread ration      |       |     1 |       |       |     6 |       ||     7
       Chunk             |       |     6 |    12 |     4 |     5 |     7 ||    34
       Meat ration       |       |     1 |     1 |     4 |     2 |     4 ||    12
       Pizza             |       |       |       |       |     3 |     1 ||     4
       Beef jerky        |       |       |       |       |     1 |     1 ||     2
